 Dungeon Crawl Stone Soup version 0.29.1-12-g30fa7ad0bf (webtiles) character file.

Game seed: 2370908625624926927

29 inkworks the Trooper (level 3, -2/33 HPs)
             Began as a Draconian Berserker on Dec 23, 2022.
             Was a Follower of Trog.
             Succumbed to a scorpion's poison
             ... on level 3 of the Dungeon.
             The game lasted 00:04:38 (717 turns).

inkworks the Trooper (Draconian Berserker)           Turns: 717, Time: 00:04:38

Health: -2/33      AC:  5    Str: 21    XL:     3   Next: 1%
Magic:  3/3        EV: 12    Int:  7    God:    Trog [*.....]
Gold:   49         SH:  0    Dex: 10    Spells: 2/2 levels left

rFire   . . .      SeeInvis .   a - +0 falchion
rCold   . . .      Faith    .   (no shield)
rNeg    . . .      Spirit   .   (body armour unavailable)
rPois   .          Reflect  .   (helmet restricted)
rElec   .          Harm     .   (no cloak)
rCorr   .          Rampage  .   (no gloves)
Will    .....                   (no boots)
Stlth   +.........              (no amulet)
HPRegen 0.11/turn               (no ring)
MPRegen 0.08/turn               (no ring)

@: lethally poisoned (-2 -> -29)
A: AC +5, unfitting armour, cold-blooded
a: Renounce Religion, Berserk


You were on level 3 of the Dungeon.
You worshipped Trog.
Trog was aware of your devotion.
You visited 1 branch of the dungeon, and saw 3 of its levels.

You collected 49 gold pieces.

Inventory:

Hand Weapons
 a - a +0 falchion (weapon)
Wands
 g - a wand of digging (9)
Scrolls
 b - a scroll of vulnerability {unknown}
 c - a scroll of enchant armour {unknown}
 d - a scroll of identify {unknown}
 f - a scroll of poison {unknown}
Potions
 e - a potion of curing {unknown}
 h - a potion of lignification {unknown}


   Skills:
 + Level 3.7 Fighting
 + Level 3.3 Long Blades
 + Level 3.2 Dodging


You had 2 spell levels left.
You didn't know any spells.
Your spell library was empty.

Dungeon Overview and Level Annotations

Branches:
Dungeon (3/15)

Altars:
The Shining One


Innate Abilities, Weirdness & Mutations

Your plain brown scales are hard. (AC +5)
You cannot fit into any form of body armour.
You are cold-blooded and may be slowed by cold attacks.


Message History

You closely miss the adder.
The adder is heavily wounded.
You feel sick. The adder bites you but does no damage.
You hit the adder.
The adder is severely wounded.
You feel sick. The adder bites you but does no damage. The adder bites you.
You are more poisoned.
The adder poisons you!
You slash the adder!
You kill the adder!
Trog accepts your kill.
You feel sick.
You have reached level 3!
Your experience leads to an increase in your attributes!
Increase (S)trength, (I)ntelligence, or (D)exterity?
You feel stronger. x2; Your scales feel tougher.
You feel sick.
You feel sick.
You feel sick.
You feel sick.
You feel sick.
You feel sick.
You are no longer poisoned.
Found an escape hatch in the ceiling.
An adder comes into view.
The adder hisses angrily.
A scorpion comes into view.
The scorpion moves out of view.
The scorpion barely misses you. The scorpion barely misses you.
The adder closely misses you.
A hobgoblin comes into view.
The hobgoblin shouts!
The scorpion stings you.
* * * LOW HITPOINT WARNING * * *
You are lethally poisoned!
The scorpion poisons you! The scorpion stings you.
* * * LOW HITPOINT WARNING * * *
You are more poisoned.
The scorpion poisons you!
You die...

.###### # # #
#.#.## ### # #.#.
.# ... # #... .#.#
# #...###..# #
####...#.#.### #.#
# .....<..@....#
#.# #
.g..##.Ss###.###.#
# . ##..........#
# ######.###.# #
#.# #.########
#.###.........
#.............
##############


You could see a scorpion, an adder and a hobgoblin.

Vanquished Creatures
  An adder (D:3)
  A worm (D:2)
  2 endoplasms (D:1)
  3 hobgoblins
  2 ball pythons (D:2)
  2 bats
  2 frilled lizards (D:2)
  2 goblins
  A kobold (D:3)
  3 rats
19 creatures vanquished.

Notes
Turn   | Place    | Note
-------+----------+-------------------------------------------
     0 | D:1      | inkworks the Draconian Berserker began the quest for the
                  | Orb.
     0 | D:1      | Reached XP level 1. HP: 19/19 MP: 1/1
    66 | D:1      | Found a faded altar of an unknown god.
   218 | D:2      | Reached XP level 2. HP: 20/26 MP: 2/2
   467 | D:3      | Found a glowing golden altar of the Shining One.
   693 | D:3      | Reached XP level 3. HP: 16/33 MP: 3/3
   712 | D:3      | Noticed a scorpion
   717 | D:3      | Succumbed to a scorpion's poison

Illustrated notes

Levels and vault maps discovered:
D:1:      dpeg_arrival_lava_temple_mockup, layout_loops_corners,
          basic_ecumenical_altar, minivault_26, fountainhead, chequers_avenue
D:2:      layout_loops_ring, minmay_quantized
D:3:      layout_loops_ring, mainiacjoe_overflow_24_doors,
          chequers_decorated_corner, kennysheep_generic_room_12

Skill      XL: |  1  2 |
---------------+-------+-----
Dodging        | 3 |  3.2
Fighting       | |  3.7
Long Blades    | |  3.3

Action                   || total
-------------------------++-------
Melee: Falchion          ||    61
       Tailslap          ||     6
Armor: Skin              ||    38
Dodge: Dodged            ||    70
